[Event "ICC tourney 3096 (40 10)"]
[Site "Internet Chess Club"]
[Date "2023.01.07"]
[Round "5"]
[White "JIMENEZ, LUIS A:eltuna"]
[Black "Wu, Zhuoyuan:Jake000"]
[Result "0-1"]
[ICCResult "White resigns"]
[WhiteElo "1426"]
[BlackElo "1535"]
[Opening "Sicilian: Canal-Sokolsky attack, Sokolsky variation"]
[ECO "B52"]
[NIC "SI.01"]
[Time "20:00:13"]
[PlyCount "112"]
[TimeControl "2400+10"]

1. e4 c5 2. Nf3 d6 3. Bb5+ Bd7 4. Bxd7+ Qxd7 5. c4 Nc6 6. Nc3 g6 7. d4 cxd4
8. Nxd4 Bg7 9. Be3 Ne5 10. b3 Nf6 11. f3 O-O 12. O-O a6 13. Rc1 Rac8 14. Qe2
Rfd8 15. Rfd1 Qc7 16. g4 e6 17. h4 Kh8 18. Qh2 Rg8 19. g5 Nh5 20. Qf2 Qe7
21. f4 Ng4 22. Qf3 Nxe3 23. Qxe3 Nxf4 24. Qxf4 e5 25. Nf5 gxf5 26. Qxf5 f6
27. Nd5 Qf8 28. Kh1 fxg5 29. hxg5 Qxf5 30. exf5 Bf8 31. Rg1 Rd8 32. Rcf1 Rg7
33. Rf2 Rdd7 34. f6 Rg6 35. a4 h6 36. Rh2 Rh7 37. gxh6 Rgxh6 38. Rg2 Rxh2+
39. Rxh2 Rxh2+ 40. Kxh2 Kg8 41. Kg3 Kf7 42. Kf3 Bh6 43. Ke4 Ke6 44. a5 Bg5
45. b4 Bxf6 46. b5 Bd8 47. b6 Bh4 48. Nc7+ Kd7 49. Kd5 Be1 50. c5 Bxa5 51.
Na8 dxc5 52. Kxc5 Ke6 53. Nc7+ Kf5 54. Nd5 e4 55. Kc4 Kg4 56. Kd4 Kf3
{White resigns}
0-1

[Event "ICC tourney 3096 (40 10)"]
[Site "Internet Chess Club"]
[Date "2023.01.07"]
[Round "5"]
[White "HANKE, HARVEY:ThinkingPanda"]
[Black "HELMSEN, GAVIN:ghelmsen"]
[Result "1-0"]
[ICCResult "Black checkmated"]
[WhiteElo "1646"]
[BlackElo "1547"]
[Opening "Robatsch defense"]
[ECO "B06"]
[NIC "KF.05"]
[Time "20:00:13"]
[PlyCount "95"]
[TimeControl "2400+10"]

1. e4 g6 2. d4 Bg7 3. Nc3 d5 4. exd5 Nf6 5. Bc4 c6 6. dxc6 Nxc6 7. Nge2 O-O
8. Be3 Ng4 9. Qd2 Nxe3 10. fxe3 e5 11. d5 Qh4+ 12. Ng3 Qxc4 13. dxc6 Qxc6
14. O-O-O Be6 15. Kb1 b5 16. Nd5 Qb7 17. Ne4 Rfd8 18. Ndf6+ Bxf6 19. Nxf6+
Kg7 20. Qf2 Bf5 21. Nh5+ Kf8 22. Ng3 Be6 23. Rxd8+ Rxd8 24. Qf6 Qd5 25. b3
Rc8 26. Rf1 Qc6 27. Rf2 a5 28. Qh8+ Ke7 29. Qxe5 a4 30. Ne4 axb3 31. axb3
Qc7 32. Qxb5 f5 33. Qb4+ Ke8 34. Nd6+ Kd7 35. Nxc8 Qxc8 36. Rd2+ Ke8 37. Qd4
Kf7 38. Qa7+ Kg8 39. Qe7 Bf7 40. Rd8+ Qxd8 41. Qxd8+ Kg7 42. b4 h5 43. b5
Kh7 44. b6 h4 45. b7 h3 46. b8=Q Kh6 47. Qh4+ Kg7 48. Qbh8# {Black
checkmated} 1-0

[Event "ICC tourney 3096 (40 10)"]
[Site "Internet Chess Club"]
[Date "2023.01.07"]
[Round "5"]
[White "Hernandez-Visbal, Arthur:thechessgod22"]
[Black "KURBANOV, ABROR:Abror"]
[Result "1/2-1/2"]
[ICCResult "Black stalemated"]
[WhiteElo "1628"]
[BlackElo "1804"]
[Opening "English: symmetrical, main line with d3"]
[ECO "A04"]
[NIC "QP.10"]
[Time "20:02:08"]
[PlyCount "165"]
[TimeControl "2400+10"]

1. Nf3 c5 2. d3 Nc6 3. g3 g6 4. c4 Bg7 5. Nc3 Nf6 6. Bg2 O-O 7. O-O d6 8.
Re1 Re8 9. Bg5 h6 10. Bxf6 Bxf6 11. Rb1 Rb8 12. e3 Bg4 13. h3 Be6 14. Qd2 a6
15. b3 Qd7 16. Kh2 b5 17. d4 cxd4 18. exd4 Bf5 19. cxb5 axb5 20. Rbc1 g5 21.
Nd5 Bg7 22. Nxg5 hxg5 23. Rxc6 e6 24. Nb4 Bf6 25. g4 Bg6 26. d5 Be5+ 27.
Rxe5 dxe5 28. d6 Rbc8 29. Qxg5 e4 30. Bxe4 Rxc6 31. Nxc6 Qxd6+ 32. f4 Qd2+
33. Bg2 Kh7 34. Ne5 Rc8 35. Nf3 Qe3 36. f5 Qxg5 37. Nxg5+ Kh6 38. fxg6 Kxg5
39. gxf7 Rf8 40. Kg3 Rxf7 41. h4+ Kf6 42. g5+ Kg7 43. Kg4 e5 44. h5 Rf4+ 45.
Kg3 b4 46. Bf3 Rd4 47. Be2 Rd2 48. Bb5 Rxa2 49. h6+ Kh7 50. Bd3+ Kh8 51. g6
Ra8 52. g7+ Kg8 53. Bc4+ Kh7 54. Kg4 Rc8 55. g8=Q+ Rxg8+ 56. Bxg8+ Kxg8 57.
Kf5 Kh7 58. Kxe5 Kxh6 59. Kd5 Kg6 60. Kc5 Kf6 61. Kxb4 Ke7 62. Kb5 Kd7 63.
b4 Kc7 64. Ka6 Kb8 65. Kb6 Ka8 66. Kc7 Ka7 67. b5 Ka8 68. Kc6 Kb8 69. Kb6
Ka8 70. Ka6 Kb8 71. Ka5 Ka7 72. b6+ Kb7 73. Kb5 Kb8 74. Kc4 Kb7 75. Kc5 Kb8
76. Kc6 Kc8 77. Kd6 Kb7 78. Kc5 Kb8 79. Kb5 Kb7 80. Ka5 Kb8 81. Ka6 Ka8 82.
b7+ Kb8 83. Kb6 {Black stalemated} 1/2-1/2